 Dungeon Sprint DCSS version 0.31-a0-664-g902f515a81 (webtiles) character file.

Game seed: 6668550526162196844

567 rocky1 the Carver (level 7, -22/56 HPs)
             Began as a Djinni Gladiator on Sept 3, 2023.
             Was an Initiate of Gozag.
             Annihilated by an ice devil (34 damage)
             ... in the Dungeon (Sprint VII: "The Pits").
             The game lasted 00:01:51 (512 turns).

rocky1 the Carver (Djinni Gladiator)                 Turns: 512, Time: 00:01:52

Health: -22/56     AC: 13    Str: 13    XL:     7   Next: 59%
Gold:   936        EV:  9    Int: 10    God:    Gozag SH:  0 Dex: 16

rFire   + + .        a - +0 long sword
rCold   x . .        (no shield)
rNeg    . . .        n - +3 chain mail
rPois   ∞            c - +0 helmet
rElec   .            (no cloak)
rCorr   .            (no gloves)
SInv    .            (boots unavailable)
Will    .....        (no amulet) Stlth
                     (no ring)
HPRegen 0.29/turn    (no ring)
MPRegen 0.00/turn

%: no teleportation, infuse magic (-23 HP)
@: flying
A: sickness immunity, fire resistance 2, cold vulnerability 1, float, innate
caster, HP casting, extra vitality 1
a: Renounce Religion, Potion Petition, Call Merchant, Bribe Branch


You were in the Dungeon.
You worshipped Gozag.
Gozag was pleased with you.
You visited 1 branch You collected 936 gold pieces.

Inventory:

Hand Weapons
 a - a +0 long sword (weapon)
Missiles
 d - 3 throwing nets (quivered)
 e - a javelin
Armour
 b - a +0 leather armour
 c - a +0 helmet (worn)
 n - a +3 chain mail (worn)
Scrolls
 j - a scroll of blinking
 l - 2 scrolls of vulnerability
 m - a scroll of butterflies
Potions
 f - 6 potions of curing
 g - 6 potions of heal wounds
 h - a potion of haste
 i - 3 potions of berserk rage
 k - 2 potions of invisibility


   Skills:
 + Level 6.1 Fighting
 + Level 10.0 Long Blades
 - Level 2.4 Throwing
 + Level 3.2 Armour
 + Level 8.6 Dodging
 - Level 0.4 Stealth
 * Level 3.0 Spellcasting
 * Level 3.0 Conjurations
 * Level 3.0 Hexes
 * Level 3.0 Summonings
 * Level 3.0 Necromancy
 * Level 3.0 Translocations
 * Level 3.0 Transmutations
 * Level 3.0 Fire Magic
 * Level 3.0 Ice Magic
 * Level 3.0 Air Magic
 * Level 3.0 Earth Magic
 * Level 3.0 Poison Magic


You knew the following spells:

 Your Spells              Type           Power      Damage    Failure   Level
a - Shock                 Conj/Air       28%        1d4       83%         1
b - Passwall              Tmut/Erth      5%         N/A       93%         2
c - Tukima's Dance        Hex            7%         N/A       99%         3
Your spell library was empty.

Dungeon Overview and Level Annotations

Branches:
Dungeon (1/1)

Altars:
Ashenzari
Cheibriados
Dithmenos
Elyvilon
Fedhas
Gozag
Hepliaklqana
Makhleb
Nemelex Xobeh
Okawaru
Qazlal
Ru
Trog
Uskayaw
Wu Jian
Xom
Yredelemnul
Zin
The Shining One
Jiyva
Lugonu


Innate Abilities, Weirdness & Mutations

You are immune to sickness and miasma.
You are immune to poison.
Your flesh is very heat resistant. (rF++)
You are vulnerable to cold. (rC-)
You float through the air rather than walking.
You learn spells naturally, not from books.
Your magical power is your life essence.
You have superior vitality. (+4 MHP)


Message History

You hit the wolf.
The wolf is severely wounded.
The wolf barely misses you.
You closely miss the wolf.
The wolf is severely wounded.
The wolf bites you. The wolf bites you but does no damage.
You hit the wolf.
The wolf is almost dead.
The wolf bites you but does no damage.
You slash the wolf!
You kill the wolf!
Your Fighting skill increases to level 6!
Your Long Blades skill increases to level 10!
Your Armour skill increases to level 3!
Your Spellcasting skill increases to level 3!
Your Conjurations skill increases to level 3!
Your Hexes skill increases to level 3!
Your Summonings skill increases to level 3!
Your Necromancy skill increases to level 3!
Your Translocations skill increases to level 3!
Your Transmutations skill increases to level 3!
Your Fire Magic skill increases to level 3!
Your Ice Magic skill increases to level 3!
Your Air Magic skill increases to level 3!
Your Earth Magic skill increases to level 3!
Your Poison Magic skill increases to level 3!
You now have 936 gold pieces (gained 63).
There is an open door, spattered with blood here.
You start resting.
HP restored.
You reach down and open the door.
An ice devil comes into view.
You hit the ice devil but do no damage. The ice devil hits you!
The ice devil freezes you!!
You feel a terrible chill!
You closely miss the ice devil. The ice devil hits you!
* * * LOW HITPOINT WARNING * * *
The ice devil freezes you!!
You feel a terrible chill!
Ouch! That really hurt!
You die...
Your body crumbles into a pile of gold.

#.#........##.......#
#'###########.......#
#.......# #########
#.###...# #.#.....#
#)#.).#.#+#
#.....#.#.+
#...###.#4#
#.......'@#
###########


You could see an ice devil.

Vanquished Creatures
  A water moccasin (D)
  A floating eye (D)
  A sky beast (D)
  A wolf (D)
  3 scorpions (D)
  A gnoll (D)
  An ufetubus (D)
  2 ball pythons (D)
  An endoplasm (D)
  A goblin (D)
  A bat (D)
  A giant cockroach zombie (D)
  A kobold (D)
16 creatures vanquished.

Notes
Turn   | Place    | Note
-------+----------+-------------------------------------------
     0 | D        | rocky1 the Djinni Gladiator began the quest for the Orb.
     0 | D        | Reached XP level 1. HP: 18/18 MP: 0/0
    22 | D        | Reached skill level 3 in Long Blades
    26 | D        | Found a bloodstained altar of Trog.
    26 | D        | Found a viscous altar of Jiyva.
    26 | D        | Found a hazy altar of Hepliaklqana.
    26 | D        | Found an opulent altar of Gozag.
    27 | D        | Found a glowing golden altar of the Shining One.
    27 | D        | Found a glowing silver altar of Zin.
    27 | D        | Found a basalt altar of Yredelemnul.
    27 | D        | Found a shimmering altar of Xom.
    27 | D        | Found an ornate altar of the Wu Jian Council.
    27 | D        | Found a sacrificial altar of Ru.
    27 | D        | Found a stormy altar of Qazlal.
    27 | D        | Found an iron altar of Okawaru.
    27 | D        | Found a sparkling altar of Nemelex Xobeh.
    27 | D        | Found a burning altar of Makhleb.
    27 | D        | Found a blossoming altar of Fedhas.
    27 | D        | Found a white marble altar of Elyvilon.
    27 | D        | Found a shadowy altar of Dithmenos.
    27 | D        | Found a snail-covered altar of Cheibriados.
    30 | D        | Found a corrupted altar of Lugonu.
    32 | D        | Found a broken altar of Ashenzari.
    32 | D        | Found a hide-covered altar of Uskayaw.
    34 | D        | Became a worshipper of Gozag Ym Sagoz the Greedy
    72 | D        | Reached XP level 2. HP: 21/23 MP: 0/0
    82 | D        | Noticed a scorpion
    86 | D        | Killed a scorpion
    87 | D        | Reached skill level 5 in Long Blades
    87 | D        | Reached XP level 3. HP: 26/30 MP: 0/0
    87 | D        | Learned a level 1 spell: Shock
    87 | D        | Reached XP level 4. HP: 30/35 MP: 0/0
   123 | D        | Noticed a scorpion
   132 | D        | Noticed a floating eye
   140 | D        | Killed a scorpion
   141 | D        | Reached skill level 6 in Long Blades
   141 | D        | Reached skill level 1 in Armour
   141 | D        | Reached XP level 5. HP: 32/41 MP: 0/0
   141 | D        | Learned a level 2 spell: Passwall
   176 | D        | Paralysed by a floating eye for 4 turns
   180 | D        | Killed a floating eye
   181 | D        | Reached skill level 7 in Long Blades
   181 | D        | Reached skill level 1 in Spellcasting
   181 | D        | Reached skill level 1 in Conjurations
   181 | D        | Reached skill level 1 in Hexes
   181 | D        | Reached skill level 1 in Summonings
   181 | D        | Reached skill level 1 in Necromancy
   181 | D        | Reached skill level 1 in Translocations
   181 | D        | Reached skill level 1 in Transmutations
   181 | D        | Reached skill level 1 in Fire Magic
   181 | D        | Reached skill level 1 in Ice Magic
   181 | D        | Reached skill level 1 in Air Magic
   181 | D        | Reached skill level 1 in Earth Magic
   181 | D        | Reached skill level 1 in Poison Magic
   181 | D        | Reached XP level 6. HP: 48/48 MP: 0/0
   268 | D        | Noticed a water moccasin
   284 | D        | Killed a water moccasin
   285 | D        | Reached skill level 5 in Fighting
   285 | D        | Reached skill level 8 in Long Blades
   291 | D        | Reached skill level 9 in Long Blades
   291 | D        | Reached XP level 7. HP: 47/54 MP: 0/0
   291 | D        | Learned a level 3 spell: Tukima's Dance
   492 | D        | Reached skill level 10 in Long Blades
   510 | D        | Noticed an ice devil
   512 | D        | Annihilated by an ice devil

Illustrated notes

Levels and vault maps discovered:
D:        pitsprint [storerooms_1, entrance_room_1, metal_vault_5, armoury_2,
          mini_pit_1, grid_room_1, main_hall_1, silver_pit, the_coven_1,
          the_vestibule_1, steel_vault_1, golden_pit, hallway_of_sentries,
          crystal_vault_2, iron_vault_5, final_vault]

Skill      XL: |  1  2  3  4  5  6  7 |
---------------+----------------------+-----
Long Blades    | 3 5 6 7 9 10 | 10.0
Dodging        | 4 6 7 8 |  8.6
Fighting       | 3 4 5 6 |  6.1
Throwing       | 2 |  2.4
Armour         | 1 2 3 |  3.2
Spellcasting   | 1 2 3 |  3.0
Conjurations   | 1 2 3 |  3.0
Hexes          | 1 2 3 |  3.0
Summonings     | 1 2 3 |  3.0
Necromancy     | 1 2 3 |  3.0
Translocations | 1 2 3 |  3.0
Transmutations | 1 2 3 |  3.0
Fire Magic     | 1 2 3 |  3.0
Ice Magic      | 1 2 3 |  3.0
Air Magic      | 1 2 3 |  3.0
Earth Magic    | 1 2 3 |  3.0
Poison Magic   | 1 2 3 |  3.0
Stealth        | |  0.4

Action                     |  1- 3 |  4- 6 |  7- 9 || total
---------------------------+-------+-------+-------++-------
  Melee: Long sword        |    11 |    41 |    25 ||    77
         Punch             |       |     1 |       ||     1
 Armour: Leather armour    |    10 |     8 |       ||    18
         Chain mail        |       |    15 |    20 ||    35
  Dodge: Dodged            |    19 |    16 |     4 ||    39

Table legend: (Time is in decaauts)
 A = Elapsed time spent in this place.
 B = Non-inter-level travel time spent in this place.
 C = Inter-level travel time spent in this place.
 D = Time resting spent in this place.
 E = Time spent auto-exploring this place.
 F = Levels seen in this place.
 G = Mean time per level.
                   A        B        C        D        E       F      G
               +--------+--------+--------+--------+--------+-----+--------+
         Total |    515 |    487 |     28 |    224 |      0 |   1 |  515.0 |
       Dungeon |    515 |    487 |     28 |    224 |      0 |   1 |  515.0 |
               +--------+--------+--------+--------+--------+-----+--------+

Top non-repeatable levels by time:
       D: 515 daAuts
